 Dungeon Crawl Stone Soup version 0.31.0-32-g396128a36d (webtiles) character file.

Game seed: 8888720774066038075

5036 Alphaeus the Grappler (level 10, -3/98 HPs)
             Began as a Troll Shapeshifter on Mar 18, 2024.
             Was a High Priest of Wu Jian.
             Slain by a gnoll sergeant
             ... wielding a +0 spear of pain
             ... summoned by an orange crystal statue
              (10 damage)
             ... on level 8 of the Dungeon.
             The game lasted 00:07:23 (6033 turns).

Alphaeus the Grappler (Troll Shapeshifter)          Turns: 6033, Time: 00:07:24

Health: -3/98      AC:  8    Str: 28    XL:     10   Next: 30%
Magic:  1/9        EV:  9    Int:  6    God:    Wu Jian [*****.]
Gold:   99         SH:  0    Dex:  9    Spells: 9/9 levels left

rFire   . .          .
                       - Unarmed
rCold   . . .        (no shield)
rNeg    . . .        y - +0 acid dragon scales
rPois   .            (helmet currently unavailable)
rElec   .            (cloak currently unavailable)
rCorr   +            (gloves unavailable)
SInv    .            (boots unavailable)
Will    .....        (no amulet) Stlth
                     (no ring)
HPRegen 1.16/turn    (no ring)
MPRegen 0.11/turn

%: no passive effects
@: confused, beast-form, hasted, very quick
A: beast (slay +4), large, unfitting armour, claws 3, regeneration 1, shaggy fur
1, tough skin 1
a: Begin Untransformation, Renounce Religion, Wall Jump, Serpent's Lash,
Heavenly Storm


You were on level 8 of the Dungeon.
You worshipped Wu Jian.
Wu Jian was extremely pleased with you.
You were a hulking beast.
You visited 1 branch of the dungeon, and saw 8 of its levels.
You also visited: Sewer.

You collected 489 gold pieces.
You spent 390 gold pieces at shops.

Inventory:

Hand Weapons
 p - a +3 quarterstaff of chaos
Armour
 a - a +0 animal skin
 h - a +1 cloak
 q - a +2 robe of willpower
 y - +0 acid dragon scales (worn)
Jewellery
 s - a ring of protection from fire
Talismans
 c - a beast talisman
 d - a flux talisman
 C - a blade talisman
Wands
 z - a wand of acid (10)
 F - a wand of polymorph (7)
Scrolls
 e - 2 scrolls of enchant armour {unknown}
 f - a scroll of identify
 i - a scroll of blinking {unknown}
 j - 3 scrolls of immolation {unknown}
 k - a scroll of poison {unknown}
 l - 3 scrolls of amnesia {unknown}
 n - 2 scrolls of revelation {unknown}
 t - a scroll of noise {unknown}
 u - a scroll of fog {unknown}
 v - a scroll of vulnerability {unknown}
 x - a scroll of teleportation {unknown}
 D - a scroll of enchant weapon {unknown}
Potions
 b - 2 potions of lignification
 g - 2 potions of heal wounds
 m - 2 potions of enlightenment
 o - a potion of mutation {unknown}
 r - 3 potions of ambrosia
 w - 3 potions of might
 B - a potion of curing {unknown}
 E - a potion of invisibility {unknown}


   Skills:
 + Level 5.6 Fighting
 - Level 1.6 Dodging
 * Level 10.2 Unarmed Combat
 * Level 9.4 Shapeshifting


You had 9 spell levels left.
You didn't know any spells.
Your spell library contained the following spells:

 Spells                   Type           Power      Damage    Failure   Level
 Foxfire                  Conj/Fire      0%         2x1d4     52%         1
 Fugue of the Fallen      Necr           0%         N/A       88%         3
 Ozocubu's Armour         Ice            0%         N/A       88%         3
 Animate Dead             Necr           0%         N/A       99%         4
 Manifold Assault         Tloc           0%         N/A       99%         4
 Borgnjor's Vile Clutch   Necr/Erth      0%         N/A       100%        5
 Summon Forest            Summ/Tloc      0%         N/A       100%        5
 Death Channel            Necr           0%         N/A       100%        6
 Eringya's Noxious Bog    Alch           0%         4d6       100%        6
 Plasma Beam              Fire/Air       0%         2x1d10    100%        6
 Starburst                Conj/Fire      0%         6d3       100%        6
 Summon Hydra             Summ           0%         N/A       100%        7


Dungeon Overview and Level Annotations

Branches:
Dungeon (8/15)             Temple (0/1) D:5           Sewer (visited)
   Lair: D:8-11

Altars:
Elyvilon
Kikubaaqudgha
Wu Jian

Shops:
D:7 *

Annotations:
D:8 1 runed translucent door, exclusion: 4 orange crystal statues


Innate Abilities, Weirdness & Mutations

You are a hulking beast.
Your limbs bulge with bestial killing power. (Slay +4)
You are too large for most types of armour.
You have claws for hands.
Your natural rate of healing is unusually fast.
You are covered in fur. (AC +1)
You have tough skin. (AC +1)


Message History

The gnoll hits you from afar with a +0 halberd of freezing!
The gnoll freezes you. The gnoll closely misses you.
You are too confused!
You feel yourself speed up.
The killer bee buzzes angrily. x3
The orc priest hits you with a +0 flail.
The orc priest invokes the aid of Beogh against you.
Pain shoots through your body! The orc barely misses you.
The orc hits you with a +0 trident. The bullfrog hits you.
The orange crystal statue glitters topaz in the dim dungeon light.
The gnoll closely misses you.
The gnoll hits you from afar with a +0 halberd of freezing!
The gnoll freezes you.
You feel as though your hastened speed will last longer.
The bullfrog barely misses you.
The orc priest invokes the aid of Beogh against you.
Beogh smites you!
The orc priest calls down the wrath of Beogh upon you.
Beogh smites you!
* * * LOW HITPOINT WARNING * * *
The orc hits you with a +0 trident!
* * * LOW HITPOINT WARNING * * *
The orc hits you but does no damage.
The orange crystal statue glitters.
The bullfrog hits you.
* * * LOW HITPOINT WARNING * * *
The gnoll misses you.
The orc priest hits you with a +0 flail.
* * * LOW HITPOINT WARNING * * *
The orc priest calls down the wrath of Beogh upon you.
Beogh smites you!
* * * LOW HITPOINT WARNING * * *
The orc barely misses you.
You barely miss the gnoll. The bullfrog closely misses you.
The orange crystal statue glitters.
You are more confused.
The orange crystal statue fixes its piercing gaze on you.
You bump into the stone wall.
The gnoll sergeant hits you from afar with a +0 spear of pain!
You die...

..#.#
#.###.##.#####.####
....###.# #.........<#
........###.##.#######
....###.....##.#####
#..## ##...........#
##.#####.#########.#
##.##)...#8YYg.g8#!#
.#.##)##.#.#Dyo#.#.#
....))...#.Yygooh#.#
...##.#..+..YgYFog.#
.#.##.##.#?...gyy#.#####
.#..#.#..#.#...#.#.....#
.##.#....#8..h..8#.###.#
.##.#.#..#########.# #.#
.##.#.##...........# #.#
.##.#.# ######...### #.#
.##.#.# ##...####.#


You could see 4 orange crystal statues, 5 yaks, a steam dragon (summoned), a
black bear (summoned), a gnoll sergeant (summoned), a bullfrog (summoned), 4
killer bees, 2 orc priests, 5 gnolls and 2 orcs.

Vanquished Creatures
  Maggie (D:6)
  Prince Ribbit (D:5)
  Sigmund (D:6)
  Eustachio (D:5)
  A steam dragon (D:7)
  Menkaure (D:5)
  A water moccasin (D:5)
  2 ice beasts
  4 orc warriors
  Pargi (Sewer)
  A sky beast (D:7)
  2 ogres
  A centaur (D:6)
  3 phantoms
  A lemure (D:6)
  Blork the orc (D:6)
  A brain worm (Sewer)
  A kobold brigand (D:8)
  5 bullfrogs
  3 scorpions
  7 wights (D:7)
  A howler monkey (D:6)
  2 jellies (D:4)
  8 orc priests
  A bombardier beetle (D:5)
  5 hounds
  Crazy Yiuf (D:2)
  4 iguanas
  Terence (D:2)
  Jessica (D:3)
  9 orc wizards
  Natasha (thrice) (D:2)
  Robin (D:3)
  7 adders
  12 gnolls
  2 shadow imps
  2 white imps
  3 dart slugs
  4 ribbon worms
  36 orcs
  13 bats
  13 endoplasms
  8 giant cockroaches
  9 hobgoblins
  3 jackals (D:5)
  3 quokkas
  8 ball pythons
  3 frilled lizards
  10 goblins
  8 kobolds
  11 rats
  A butterfly (D:5)
233 creatures vanquished.

Vanquished Creatures (others)
  Pikel (D:6)
1 creature vanquished.

Grand Total: 234 creatures vanquished

Notes
Turn   | Place    | Note
-------+----------+-------------------------------------------
     0 | D:1      | Alphaeus the Troll Shapeshifter began the quest for the
                  | Orb.
     0 | D:1      | Reached XP level 1. HP: 18/18 MP: 0/0
   309 | D:1      | Found a faded altar of an unknown god.
   359 | D:1      | Reached skill level 1 in Fighting
   637 | D:1      | Prayed at the altar of an unknown god.
   637 | D:1      | Became a worshipper of the Wu Jian Council
   637 | D:1      | Reached * piety under Wu Jian
   670 | D:2      | Noticed Terence
   673 | D:2      | Reached XP level 2. HP: 27/27 MP: 1/1
   684 | D:2      | Killed Terence
   685 | D:2      | Reached XP level 3. HP: 5/33 MP: 2/2
   848 | D:2      | Noticed Natasha
   858 | D:2      | Killed Natasha
   859 | D:2      | Reached XP level 4. HP: 28/41 MP: 3/3
   927 | D:2      | Reached skill level 4 in Unarmed Combat
   984 | D:2      | Reached ** piety under Wu Jian
  1075 | D:2      | Found an ancient bone altar of Kikubaaqudgha.
  1090 | D:2      | Noticed Natasha
  1094 | D:2      | Killed Natasha
  1101 | D:2      | Noticed Natasha
  1104 | D:2      | Killed Natasha
  1105 | D:2      | Reached XP level 5. HP: 46/49 MP: 4/4
  1245 | D:2      | Found a runed translucent door.
  1246 | D:2      | Noticed Crazy Yiuf
  1516 | D:2      | Killed Crazy Yiuf
  1628 | D:3      | Noticed Jessica
  1630 | D:3      | Killed Jessica
  1631 | D:3      | Reached XP level 6. HP: 57/57 MP: 5/5
  1678 | D:3      | Noticed Robin
  1685 | D:3      | Killed Robin
  1691 | D:3      | Reached skill level 5 in Unarmed Combat
  1891 | D:3      | Found a glowing drain.
  1900 | D:3      | Reached *** piety under Wu Jian
  1906 | Sewer    | Entered a sewer
  1945 | Sewer    | Noticed Pargi
  1951 | Sewer    | Killed Pargi
  1952 | Sewer    | Reached skill level 5 in Shapeshifting
  2034 | D:3      | Reached XP level 7. HP: 66/66 MP: 6/6
  2291 | D:4      | Reached skill level 6 in Unarmed Combat
  2641 | D:4      | Reached **** piety under Wu Jian
  2908 | D:5      | Entered Level 5 of the Dungeon
  2946 | D:5      | Reached XP level 8. HP: 70/75 MP: 7/7
  2973 | D:5      | Noticed Eustachio
  2988 | D:5      | Killed Eustachio
  3102 | D:5      | Reached skill level 7 in Unarmed Combat
  3138 | D:5      | Found a white marble altar of Elyvilon.
  3193 | D:5      | Found a staircase to the Ecumenical Temple.
  3227 | D:5      | Noticed Prince Ribbit
  3241 | D:5      | Killed Prince Ribbit
  3288 | D:5      | Noticed Menkaure
  3296 | D:5      | Killed Menkaure
  3739 | D:6      | Noticed Pikel
  3744 | D:6      | Noticed Maggie
  3751 | D:6      | Killed Pikel
  3752 | D:6      | Reached skill level 8 in Unarmed Combat
  3752 | D:6      | Reached XP level 9. HP: 38/85 MP: 8/8
  3755 | D:6      | Killed Maggie
  4056 | D:6      | Reached skill level 9 in Unarmed Combat
  4305 | D:6      | Reached ***** piety under Wu Jian
  4306 | D:6      | Reached skill level 5 in Fighting
  4311 | D:6      | Noticed Blork the orc
  4315 | D:6      | Killed Blork the orc
  4479 | D:6      | Noticed Sigmund
  4482 | D:6      | Killed Sigmund
  4913 | D:7      | Reached XP level 10. HP: 56/90 MP: 9/9
  5302 | D:7      | Reached skill level 10 in Unarmed Combat
  5399 | D:7      | Found Ubru's General Store.
  5407 | D:7      | Bought a blade talisman for 390 gold pieces
  5634 | D:8      | Found a runed translucent door.
  5641 | D:8      | Found the +10 tower shield of Ignorance {rN+ Int-4}
  6014 | D:8      | Found a runed translucent door.
  6021 | D:8      | Noticed an orange crystal statue
  6021 | D:8      | Noticed an orange crystal statue
  6021 | D:8      | Noticed an orange crystal statue
  6021 | D:8      | Noticed an orange crystal statue
  6033 | D:8      | Slain by a gnoll sergeant

Illustrated notes

Levels and vault maps discovered:
D:1:      dpeg_arrival_round_a, layout_loops_ring,
          hellmonk_ecumenical_altar_inner_sanctum, minmay_hexomino_f4
D:2:      minmay_diamond_boxcup, layout_basic, basic_altar, fountainhead,
          uniq_crazy_yiuf_cottage, uniq_terence, uniq_natasha
D:3:      layout_rooms, portal_sewer_entry_b, serial_park_tiny_2, uniq_robin,
          uniq_jessica
D:4:      layout_basic, minmay_misc_feat_enclosed
D:5:      layout_gridville, lemuel_round_altar, minmay_temple_entry_butterflies,
          uniq_prince_ribbit1, uniq_menkaure, uniq_eustachio
D:6:      layout_basic, minmay_misc_feat_nine_boxes, hangedman_decor_growths,
          uniq_pikel, uniq_maggie, uniq_blork_the_orc, uniq_sigmund
D:7:      wad_crossroads, layout_gridville, serial_shops, nicolae_shop_stone
D:8:      layout_loops_ring, chequers_guarded_unrand_ignorance, uniq_grum

Skill      XL: |  1  2  3  4  5  6  7  8  9 10 |
---------------+-------------------------------+-----
Fighting       | 1 2 3 4 5 |  5.6
Unarmed Combat | 4 5 6 8 9 10 | 10.2
Shapeshifting  | 4 5 6 7 8 9 |  9.4
Dodging        | |  1.6

Action                     |  1- 3 |  4- 6 |  7- 9 | 10-12 || total
---------------------------+-------+-------+-------+-------++-------
  Melee: Unarmed           |    44 |   132 |   263 |   101 ||   540
         Punch             |       |     4 |    10 |     7 ||    21
Ability: Lunge             |     7 |    17 |    23 |     7 ||    54
         Whirlwind         |       |     7 |     7 |       ||    14
    Use: Scroll            |       |       |     6 |       ||     6
         Potion            |       |       |     1 |     2 ||     3
   Stab: Sleeping          |     1 |       |       |       ||     1
 Armour: Animal skin       |    21 |    21 |       |       ||    42
         Robe              |       |    80 |    94 |       ||   174
         Acid dragon scale |       |       |    74 |    85 ||   159
  Dodge: Dodged            |    16 |    71 |   112 |    30 ||   229
